 Dungeon Crawl Stone Soup version 0.28.0-47-ge53b351184 (webtiles) character file.

Game seed: 1299727767027235243

2814 croobank the Covert (level 9, -2/111 HPs)
             Began as a Gnoll Delver on Apr 29, 2022.
             Was a Follower of Vehumet.
             Slain by a vampire (8 damage)
             ... on level 7 of the Dungeon.
             The game lasted 00:23:04 (7220 turns).

croobank the Covert (Gnoll Delver)                  Turns: 7220, Time: 00:23:05

Health: -2/111     AC: 24    Str: 10 (12) XL:     9   Next: 72%
Magic:  15/15      EV:  2    Int: 10 (13) God:    Vehumet [*.....]
Gold:   352        SH:  0    Dex: 13 (14) Spells: 17/17 levels left

rFire   + . .      SeeInvis .   l - +2 dagger (speed)
rCold   + . .      Faith    .   (no shield)
rNeg    . . .      Spirit   .   (armour currently unavailable)
rPois   +          Reflect  .   (helmet currently unavailable)
rElec   +          Harm     .   (cloak currently unavailable)
rCorr   +          Rampage  .   (gloves currently unavailable)
Will    .....      NoTele   +   (boots currently unavailable)
Stlth   +++.......              (no amulet)
HPRegen 0.28/turn               M - ring of poison resistance
MPRegen 0.14/turn               (no ring)

@: tree-form, silenced, resistant, weak-willed, studying Shields
A: stationary, stasis, torment immunity, boosted hp, (fangs 1), strong nose,
distributed training
a: Renounce Religion


You were on level 7 of the Dungeon.
You worshipped Vehumet.
Vehumet was aware of your devotion.
You were a tree.
You visited 2 branches of the dungeon, and saw 8 of its levels.

You collected 352 gold pieces.

Inventory:

Hand Weapons
 a - a +2 vorpal hand axe
 b - a +0 hunting sling
 l - a +2 dagger of speed (weapon)
 o - a +0 hand crossbow
 t - a +0 war axe
 A - a +2 scimitar of flaming
 C - a +3 dagger
 D - a +0 dagger of venom
 E - a +0 battleaxe
 G - a +2 dagger of protection
Missiles
 j - 207 stones (quivered)
 n - 24 bolts
 w - 148 arrows
 y - 14 poisoned darts
 N - 3 javelins
Armour
 k - a +0 scale mail
 s - a +2 leather armour of poison resistance (melded)
 u - a +0 chain mail
 x - a +0 cloak (melded)
 z - a +0 pair of gloves (melded)
 F - a +0 helmet (melded)
 K - a +0 pair of boots (melded)
Jewellery
 M - a ring of poison resistance (left branch)
Wands
 g - a wand of digging (3)
 h - a wand of iceblast (18)
 H - a wand of mindburst (5)
Scrolls
 c - a scroll of fog
 d - 2 scrolls of magic mapping
 e - a scroll of fear
 i - a scroll of vulnerability
 m - 2 scrolls of silence
 p - 3 scrolls of teleportation {unknown}
 q - 3 scrolls of enchant armour {unknown}
 r - a scroll of enchant weapon {unknown}
 I - 5 scrolls of identify {unknown}
Potions
 v - a potion of flight


   Skills:
 + Level 8.0 Fighting
 + Level 4.5 Short Blades
 + Level 4.5 Long Blades
 + Level 6.5 Axes
 + Level 4.5 Maces & Flails
 + Level 4.5 Polearms
 + Level 4.5 Staves
 + Level 4.5 Slings
 + Level 4.5 Bows
 + Level 4.5 Crossbows
 + Level 4.5 Throwing
 + Level 4.5 Armour
 + Level 6.5 Dodging
 + Level 10.6 Stealth
 + Level 5.8 Shields
 + Level 4.5 Unarmed Combat
 + Level 4.5 Spellcasting
 + Level 3.7 Conjurations
 + Level 3.7 Hexes
 + Level 3.7 Summonings
 + Level 3.7 Necromancy
 + Level 3.7 Translocations
 + Level 3.7 Transmutations
 + Level 3.7 Fire Magic
 + Level 3.7 Ice Magic
 + Level 3.7 Air Magic
 + Level 3.7 Earth Magic
 + Level 3.7 Poison Magic
 + Level 5.0 Invocations
 + Level 4.5 Evocations


You had 17 spell levels left.
You didn't know any spells.
Your spell library contained the following spells:

 Spells                   Type           Power      Damage    Failure   Level
 Sandblast                Erth           18%        2d7       5%          1
 Animate Skeleton         Necr           18%        N/A       5%          1
 Pain                     Necr           36%        1d5       5%          1
 Summon Small Mammal      Summ           36%        N/A       5%          1
 Call Canine Familiar     Summ           9%         N/A       16%         3
 Gell's Gravitas          Tloc           9%         N/A       16%         3
 Summon Guardian Golem    Hex/Summ       9%         N/A       16%         3
 Teleport Other           Tloc           9%         N/A       16%         3
 Vampiric Draining        Necr           9%         2d6       16%         3
 Summon Ice Beast         Ice/Summ       9%         N/A       45%         4
 Summon Mana Viper        Hex/Summ       9%         N/A       82%         5
 Dispersal                Tloc           4%         N/A       100%        6
 Monstrous Menagerie      Summ           4%         N/A       100%        7
 Disjunction              Tloc           4%         N/A       100%        8


Dungeon Overview and Level Annotations

Branches:
Dungeon (7/15)             Temple (1/1) D:4

Altars:
Ashenzari
Cheibriados
Elyvilon
Gozag
Hepliaklqana
Kikubaaqudgha
Makhleb
Nemelex Xobeh
Okawaru
Qazlal
Ru
Sif Muna
Trog
Vehumet
Wu Jian
Xom
Yredelemnul
Zin


Innate Abilities, Weirdness & Mutations

You are a tree.
Your roots penetrate the ground, keeping you stationary.
You cannot be teleported.
You are immune to unholy pain and torment.
Your maximum health is greatly increased.
Your equipment is partially melded.
((You have very sharp teeth.))
Your uncanny sense of smell can sniff out nearby items.
Your experience applies equally to all skills.


Message History

Something draws strength from your injuries!
The troll completely misses you.
The troll claws you but does no damage. x2
You closely miss the troll. You hit the troll.
The troll is lightly wounded.
Something hits you! Something bites you but does no damage.
The troll bites you. The troll claws you.
* * * LOW HITPOINT WARNING * * *
The troll claws you but does no damage.
You barely miss the troll.
The troll is lightly wounded.
Something hits you but does no damage. Something bites you.
* * * LOW HITPOINT WARNING * * *
Something draws strength from your injuries!
You hit the troll but do no damage.
The troll is lightly wounded.
The troll bites you but does no damage. The troll claws you but does no damage.
The troll claws you!
* * * LOW HITPOINT WARNING * * *
You feel better. Something hits you but does no damage.
Something bites you but does no damage. The troll bites you!
* * * LOW HITPOINT WARNING * * *
The troll claws you.
* * * LOW HITPOINT WARNING * * *
The troll claws you but does no damage.
You feel better. Something hits you but does no damage. Something bites you!
* * * LOW HITPOINT WARNING * * *
Something draws strength from your injuries!
The troll bites you.
* * * LOW HITPOINT WARNING * * *
The troll claws you.
* * * LOW HITPOINT WARNING * * *
The troll claws you.
* * * LOW HITPOINT WARNING * * *
Magic scrolls do not work when you're silenced!
Okay, then.
Okay, then.
Magic scrolls do not work when you're silenced!
You closely miss the troll. Something hits you!
You die...

# .. ### ####
#####..#############
.....##.##....C9W..#
.#.#.##.##.###T###u
....##...##.#!.)#{#
#.#[##.#.##.##(##{#
...##.....##.#|#♣#
†#.##.#.#.##.###T#
..##^......##.#.##
#.##.##.##.##.#.#
.##..##.##..##.##
.##.........##.#
#'##'#########'#
##.##.# #)##
##.##.## ##.#


You could see a brown ugly thing, a cyclops, 2 trolls, a gargoyle and a shadow.

Vanquished Creatures
  Sigmund (D:3)
  A wyvern (D:7)
  A steam dragon (D:7)
  Menkaure (D:6)
  2 water moccasins
  An ice beast (D:6)
  2 sky beasts (D:6)
  2 necrophages
  2 centaurs (D:7)
  A kobold brigand (D:7)
  3 bullfrogs (D:7)
  A gnoll sergeant (D:7)
  4 scorpions
  A wyvern skeleton (D:7)
  A wight (D:7)
  A bullfrog zombie (D:6)
  A centaur zombie (D:6)
  5 centaur skeletons
  2 bullfrog skeletons
  6 hounds
  2 iguanas
  Ijyb (D:4)
  An orc wizard (D:3)
  A hound zombie (D:5)
  A hound skeleton (D:5)
  2 howler monkey zombies
  9 adders
  A howler monkey skeleton (D:7)
  A shadow imp (D:5)
  A white imp (D:7)
  2 ufetubi
  A worm (D:3)
  2 dart slugs
  12 orcs
  7 bats
  2 endoplasms
  A giant cockroach (D:4)
  7 hobgoblins
  6 jackals (D:1)
  12 kobolds
  A quokka (D:1)
  4 ball pythons
  5 frilled lizards
  7 goblins
  7 rats
135 creatures vanquished.

Notes
Turn   | Place    | Note
-------+----------+-------------------------------------------
     0 | D:5      | Reached skill level 9 in Stealth
     0 | D:5      | croobank the Gnoll Delver began the quest for the Orb.
     0 | D:5      | Reached XP level 1. HP: 23/23 MP: 1/1
   338 | D:3      | Noticed Sigmund
   340 | D:3      | Killed Sigmund
   341 | D:3      | Reached skill level 1 in Short Blades
   341 | D:3      | Reached skill level 1 in Long Blades
   341 | D:3      | Reached skill level 1 in Maces & Flails
   341 | D:3      | Reached skill level 1 in Polearms
   341 | D:3      | Reached skill level 1 in Staves
   341 | D:3      | Reached skill level 1 in Slings
   341 | D:3      | Reached skill level 1 in Bows
   341 | D:3      | Reached skill level 1 in Crossbows
   341 | D:3      | Reached skill level 1 in Throwing
   341 | D:3      | Reached skill level 1 in Armour
   341 | D:3      | Reached skill level 1 in Shields
   341 | D:3      | Reached skill level 1 in Unarmed Combat
   341 | D:3      | Reached skill level 1 in Spellcasting
   341 | D:3      | Reached skill level 1 in Conjurations
   341 | D:3      | Reached skill level 1 in Hexes
   341 | D:3      | Reached skill level 1 in Summonings
   341 | D:3      | Reached skill level 1 in Necromancy
   341 | D:3      | Reached skill level 1 in Translocations
   341 | D:3      | Reached skill level 1 in Transmutations
   341 | D:3      | Reached skill level 1 in Fire Magic
   341 | D:3      | Reached skill level 1 in Ice Magic
   341 | D:3      | Reached skill level 1 in Air Magic
   341 | D:3      | Reached skill level 1 in Earth Magic
   341 | D:3      | Reached skill level 1 in Poison Magic
   341 | D:3      | Reached skill level 1 in Invocations
   341 | D:3      | Reached skill level 1 in Evocations
   341 | D:3      | Reached XP level 2. HP: 29/29 MP: 2/4
   341 | D:3      | Reached XP level 3. HP: 35/35 MP: 2/5
   341 | D:3      | Reached XP level 4. HP: 41/41 MP: 2/6
   341 | D:3      | Reached XP level 5. HP: 47/47 MP: 2/7
   537 | D:2      | Found a faded altar of an unknown god.
   612 | D:2      | Reached XP level 6. HP: 53/53 MP: 8/8
   770 | D:2      | Found a bloodstained altar of Trog.
  2007 | D:3      | Reached skill level 5 in Axes
  2007 | D:3      | Reached skill level 5 in Dodging
  3037 | D:4      | Noticed Ijyb
  3054 | D:4      | Reached XP level 7. HP: 40/59 MP: 10/10
  3059 | D:4      | Killed Ijyb
  3339 | D:4      | Found a snail-covered altar of Cheibriados.
  3383 | D:4      | Found a staircase to the Ecumenical Temple.
  3389 | Temple   | Entered the Ecumenical Temple
  3437 | Temple   | Became a worshipper of Vehumet
  3916 | D:6      | Reached skill level 10 in Stealth
  4471 | D:6      | Reached XP level 8. HP: 49/67 MP: 12/12
  4607 | D:6      | HP: 3/67 [ice beast (6)]
  5084 | D:6      | Found a hazy altar of Hepliaklqana.
  5089 | D:6      | Found a bloodstained altar of Trog.
  5499 | D:6      | Noticed Menkaure
  5518 | D:6      | Killed Menkaure
  6267 | D:7      | Reached XP level 9. HP: 41/72 MP: 14/14
  6587 | D:7      | Reached skill level 5 in Shields
  6587 | D:7      | Reached * piety under Vehumet
  6587 | D:7      | Offered knowledge of Sandblast by Vehumet.
  7188 | D:7      | Reached skill level 5 in Invocations
  7197 | D:7      | Noticed a troll
  7197 | D:7      | Noticed a troll
  7197 | D:7      | Noticed a brown ugly thing
  7197 | D:7      | Noticed a cyclops
  7197 | D:7      | Noticed a gargoyle
  7220 | D:7      | Slain by a vampire

Illustrated notes

Levels and vault maps discovered:
D:1:      nzn_arrival_depleted_hourglass, layout_loops_ring
D:2:      layout_loops_ring, basic_altar, shapermc_ecumenical_altar_pompeii,
          minmay_tetromino_o4
D:3:      layout_basic, uniq_sigmund
D:4:      layout_cave_pools, kennysheep_slug_shrine,
          minmay_temple_entry_enclosed_plants, uniq_ijyb
D:5:      layout_loops_ring, minmay_checkerbox
D:6:      layout_basic, grunt_temple_overflow_open, serial_curves,
          eino_curves_04, eino_curves_02, uniq_menkaure
D:7:      minmay_the_grid_triangle_9x9_rhombus_full
          [minmay_the_grid_triangle_9x9_dagger,
          minmay_the_grid_triangle_9x9_sparse_checkered,
          minmay_the_grid_triangle_9x9_sprig,
          minmay_the_grid_triangle_9x9_semitri,
          minmay_the_grid_triangle_9x9_zippers_vertical,
          minmay_the_grid_triangle_9x9_thin_v,
          minmay_the_grid_triangle_9x9_descending_squares,
          minmay_the_grid_triangle_9x9_prize_top_heavy], layout_loops_ring
Temple:   eino_wide_crystal_templ

Skill      XL: |  1  2  3  4  5  6  7  8  9 |
---------------+----------------------------+-----
Stealth        | 10 | 10.6
Short Blades   | 1 2 3 4 |  4.5
Long Blades    | 1 2 3 4 |  4.5
Maces & Flails | 1 2 3 4 |  4.5
Polearms       | 1 2 3 4 |  4.5
Staves         | 1 2 3 4 |  4.5
Slings         | 1 2 3 4 |  4.5
Bows           | 1 2 3 4 |  4.5
Crossbows      | 1 2 3 4 |  4.5
Throwing       | 1 2 3 4 |  4.5
Armour         | 1 2 3 4 |  4.5
Shields        | 1 2 3 4 5 |  5.8
Unarmed Combat | 1 2 3 4 |  4.5
Spellcasting   | 1 2 3 4 |  4.5
Conjurations   | 1 2 3 |  3.7
Hexes          | 1 2 3 |  3.7
Summonings     | 1 2 3 |  3.7
Necromancy     | 1 2 3 |  3.7
Translocations | 1 2 3 |  3.7
Transmutations | 1 2 3 |  3.7
Fire Magic     | 1 2 3 |  3.7
Ice Magic      | 1 2 3 |  3.7
Air Magic      | 1 2 3 |  3.7
Earth Magic    | 1 2 3 |  3.7
Poison Magic   | 1 2 3 |  3.7
Invocations    | 1 2 3 4 5 |  5.0
Evocations     | 1 2 3 4 |  4.5
Axes           | 5 6 |  6.5
Dodging        | 5 6 |  6.5
Fighting       | 7 8 |  8.0

Action                   |  1- 3 |  4- 6 |  7- 9 || total
-------------------------+-------+-------+-------++-------
Melee: Hand axe          |     7 |       |       ||     7
       Dagger            |     1 |   262 |   428 ||   691
       Bite              |       |    27 |    65 ||    92
       Punch             |       |     8 |    10 ||    18
       Scimitar          |       |       |    32 ||    32
Evoke: Wand              |       |     1 |     3 ||     4
  Use: Potion            |       |     3 |     7 ||    10
       Scroll            |       |       |     2 ||     2
 Stab: Sleeping          |     1 |    22 |    14 ||    37
       Distracted        |       |       |     2 ||     2
Armor: Leather armour    |     1 |    72 |   117 ||   190
       Skin              |       |       |    17 ||    17
Dodge: Dodged            |     3 |   153 |   251 ||   407
